 Dungeon Crawl Stone Soup version 0.26.1-11-gd32895ea62 (webtiles) character file.

Game seed: 6024617505390192929

62 dtburroughs the Chopper (level 3, -6/33 HPs)
             Began as a Minotaur Berserker on June 17, 2021.
             Was a Believer of Trog.
             Killed by divine providence
             ... invoked by an orc priest
              (12 damage)
             ... on level 2 of the Dungeon.
             The game lasted 00:02:57 (1317 turns).

dtburroughs the Chopper (Minotaur Berserker)        Turns: 1317, Time: 00:02:58

Health: -6/33      AC:  2    Str: 21    XL:     3   Next: 85%
Magic:  2/2        EV: 13    Int:  5    God:    Trog [**....]
Gold:   51         SH:  0    Dex:  9    Spells: 2/2 levels left

rFire    . . .     SeeInvis .   a - +0 hand axe
rCold    . . .     Faith    .   (no shield)
rNeg     . . .     Spirit   .   b - +0 animal skin
rPois    .         Reflect  .   (helmet restricted)
rElec    .         Harm     .   (no cloak)
rCorr    .         Rampage  .   (no gloves)
Will     ++...                  (no boots)
Stlth    +.........             (no amulet)
HPRegen  1.11/turn              (no ring)
MPRegen  0.08/turn              (no ring)

@: regenerating
A: retaliatory headbutt, horns 2
a: Renounce Religion, Berserk, Trog's Hand


You were on level 2 of the Dungeon.
You worshipped Trog.
Trog was pleased with you.
You visited 1 branch of the dungeon, and saw 2 of its levels.

You collected 51 gold pieces.

Inventory:

Hand Weapons
 a - a +0 hand axe (weapon)
Armour
 b - a +0 animal skin (worn)
 c - a +0 ring mail
Jewellery
 f - an uncursed amulet of faith {unknown}
 g - an uncursed ring of poison resistance {unknown}
 i - an uncursed ring of wizardry {unknown}
 m - an uncursed amulet of faith {unknown}
Scrolls
 e - 2 scrolls of enchant weapon {unknown}
 k - a scroll of amnesia {unknown}
 l - 4 scrolls of identify {unknown}
Potions
 d - 2 potions of attraction {unknown}
 h - 2 potions of haste {unknown}
 j - a potion of curing {unknown}


   Skills:
 + Level 4.2 Fighting
 + Level 4.2 Axes
 + Level 3.2 Armour
 + Level 3.1 Dodging


You had 2 spell levels left.
You didn't know any spells.
Your spell library was empty.

Dungeon Overview and Level Annotations

Branches:
Dungeon (2/15)

Altars:


Innate Abilities, Weirdness & Mutations

You reflexively headbutt those who attack you in melee.
You have a pair of horns on your head.


Message History

You open the door.
A hobgoblin and 5 orcs come into view.
The orc warrior shouts!
The orc priest shouts!
The hobgoblin shouts!
The orc shouts!
Found 12 gold pieces and a ring mail.
The orc wizard shouts!
You hear a shout!
The orc priest looks satisfied for a moment.
The orc priest calls down the wrath of Beogh upon you.
Beogh smites you!
The orc warrior hits you with a cursed -1 long sword!!
Ouch! That really hurt!
* * * LOW HITPOINT WARNING * * *
You hit the orc warrior. You headbutt the orc warrior.
The orc warrior is moderately wounded.
The orc warrior closely misses you.
Your skin crawls.
You feel strong-willed.
The orc priest calls down the wrath of Beogh upon you.
Beogh smites you!
You die...

#.....#
#.).##.#
####'####
#.....#
#...##.# #.#
#######
#...##.# # #.#
#...##.# #(#
#)#
######'###.#
#..##.###
#.....†###.#
#......#
#......'.#>####
#..#.#.#
#......#.#...(#
#..#...#
#......#@####.#
##.#.###
#......#o#
#.####...#
########o#
#........##


oog #.......(.# ..o.# #.......>.# ....$# #.........# ......# #.........#
.......# #.........# #...[...# #.........# You could see an orc warrior, 2 orc
priests, an orc wizard, an orc and a hobgoblin.

Vanquished Creatures
  An adder (D:2)
  An ooze (D:1)
  A dart slug (D:1)
  A leopard gecko (D:2)
  A giant cockroach (D:1)
  4 hobgoblins
  2 quokkas (D:2)
  5 bats
  3 frilled lizards
  15 goblins
  5 kobolds
  4 rats
43 creatures vanquished.

Vanquished Creatures (others)
  A plant (D:1)
1 creature vanquished.

Grand Total: 44 creatures vanquished

Notes
Turn   | Place    | Note
-------+----------+-------------------------------------------
     0 | D:1      | dtburroughs the Minotaur Berserker began the quest for the
                  | Orb.
     0 | D:1      | Reached XP level 1. HP: 19/19 MP: 0/0
   132 | D:1      | Reached XP level 2. HP: 21/27 MP: 1/1
   891 | D:1      | Reached XP level 3. HP: 33/33 MP: 2/2
  1081 | D:2      | Reached ** piety under Trog
  1310 | D:2      | Noticed an orc warrior
  1317 | D:2      | Killed from afar by an orc priest

Illustrated notes

Levels and vault maps discovered:
D:1:      eino_arrival_tree_alley, layout_basic
D:2:      layout_basic, minivault_19, uniq_robin

Skill      XL: |  1  2  3 |
---------------+----------+-----
Axes           | 4 |  4.2
Fighting       | 4 |  4.2
Armour         | 3 |  3.2
Dodging        | 3 |  3.1

Action                   || total
-------------------------++-------
Melee: Hand axe          ||    84
       Headbutt          ||    17
Invok: Trog's Hand       ||     1
Armor: Animal skin       ||    19
Dodge: Dodged            ||    56
